 Dungeon Crawl Stone Soup version 0.25-a0-890-g62861fb (webtiles) character file.

Game seed: 2246706382962601134, levelgen mode: deterministic

31235 Faca the Impaler (level 13, 0/171 HPs)
             Began as a Merfolk Gladiator on May 4, 2020.
             Was the Champion of Okawaru.
             Succumbed to a sea snake's poison
             ... on level 5 of the Lair of Beasts.
             The game lasted 00:39:42 (20816 turns).

Faca the Impaler (Merfolk Gladiator)               Turns: 20816, Time: 00:39:42

Health: 0/171      AC: 29    Str: 18    XL:     13   Next: 56%
Magic:  17/17      EV:  2    Int:  8    God:    Okawaru [******]
Gold:   1224       SH: 18    Dex: 19    Spells: 12/12 levels left

rFire    . . .     SeeInvis +   b - +3 trident of Roneul {holy, Dex+3}
rCold    . . .     Gourm    .   L - +2 tower shield {AC+3}
rNeg     + + +     Faith    .   (armour currently unavailable)
rPois    +         Spirit   .   (helmet currently unavailable)
rElec    .         Reflect  .   (cloak currently unavailable)
rCorr    +         Harm     .   (gloves currently unavailable)
MR       .....     NoTele   +   (boots currently unavailable)
Stlth    ++........             (no amulet)
HPRegen  0.38/turn              E - ring of resist corrosion
MPRegen  0.15/turn              F - ring of see invisible

@: lethally poisoned (0 -> -5), tree-form (expiring)
A: (change form in water), (swift swim), (stealthy swim)
a: Heroism, Finesse, Renounce Religion


You were on level 5 of the Lair of Beasts.
You worshipped Okawaru.
Okawaru was exalted by your worship.
You were very hungry.
You were a tree.
You visited 3 branches of the dungeon, and saw 18 of its levels.
You also visited: Sewer.

You collected 1224 gold pieces.

Inventory:

Hand Weapons
 b - the +3 trident of Roneul (weapon) {holy, Dex+3}
   (You found it on level 8 of the Dungeon)

   It has been blessed by the Shining One to cause great damage to the undead
   and demons.
   It affects your dexterity (+3).
Missiles
 d - 3 throwing nets
 i - 8 boomerangs (quivered)
Armour
 m - the +1 pair of boots of the Wilderness (melded) {rF++ Dex+3}
   (You acquired it on level 8 of the Dungeon)

   It affects your dexterity (+3).
   It greatly protects you from fire.
 o - a +2 helmet (melded)
 r - a +0 chain mail (melded)
 B - a +0 pair of gloves (melded)
 I - a scarf of resistance (melded)
 L - a +2 tower shield of protection (worn)
Jewellery
 z - an uncursed ring of fire
 E - a ring of resist corrosion (left branch)
 F - a ring of see invisible (right branch)
Wands
 e - a wand of digging (3)
 u - a wand of disintegration (39)
 x - a wand of iceblast (14)
 A - a wand of paralysis (10)
 D - a wand of scattershot (7)
 K - a wand of flame (21)
Scrolls
 a - 2 scrolls of immolation
 c - 3 scrolls of fear
 j - 8 scrolls of remove curse
 p - 3 scrolls of identify
 q - 4 scrolls of enchant weapon
 t - 2 scrolls of blinking
 w - 3 scrolls of enchant armour
 y - 3 scrolls of magic mapping
 C - 4 scrolls of teleportation
Potions
 g - 6 potions of flight
 l - 3 potions of mutation
 s - a potion of lignification
 v - 3 potions of haste
 G - 2 potions of invisibility
 H - 2 potions of might
Comestibles
 f - 19 rations


   Skills:
 + Level 14.4 Fighting
 + Level 18.2 Polearms
 - Level 2.0 Throwing
 + Level 11.0 Dodging
 + Level 7.9 Shields
 + Level 5.6 Invocations


You had 12 spell levels left.
You didn't know any spells.
Your spell library contained the following spells:

 Spells                   Type           Power        Failure   Level  Hunger
 Beastly Appendage        Tmut           #.....       98%         1    ##.....
 Freeze                   Ice            #...         98%         1    ##.....
 Magic Dart               Conj           #...         98%         1    ##.....
 Shock                    Conj/Air       #...         98%         1    ##.....
 Blink                    Tloc           N/A          99%         2    ###....
 Call Imp                 Summ           #.......     99%         2    ###....
 Slow                     Hex            #.......     99%         2    ###....
 Sticks to Snakes         Tmut           #.......     99%         2    ###....
 Swiftness                Chrm/Air       #.......     99%         2    ###....
 Confusing Touch          Hex            #.......     100%        3    ####...
 Conjure Flame            Conj/Fire      #.......     100%        3    ####...
 Frozen Ramparts          Ice            #.....       100%        3    ####...
 Gell's Gravitas          Tloc           #.........   100%        3    ####...
 Mephitic Cloud           Conj/Pois/Air  #.......     100%        3    ####...
 Ozocubu's Armour         Chrm/Ice       #.......     100%        3    ####...
 Spider Form              Tmut/Pois      #.........   100%        3    ####...
 Static Discharge         Conj/Air       #.......     100%        3    ####...
 Airstrike                Air            #.........   100%        4    #####..
 Hailstorm                Conj/Ice       #.......     100%        4    #####..
 Ice Form                 Ice/Tmut       #.......     100%        4    #####..
 Petrify                  Tmut/Erth      #.......     100%        4    #####..
 Summon Ice Beast         Ice/Summ       #.......     100%        4    #####..
 Blade Hands              Tmut           #.........   100%        5    ######.
 Lightning Bolt           Conj/Air       #.........   100%        5    ######.
 Metabolic Englaciation   Hex/Ice        #.........   100%        5    ######.
 Yara's Violent Unravell  Hex/Tmut       #.........   100%        5    ######.


Dungeon Overview and Level Annotations

Branches:
Dungeon (11/15)            Temple (1/1) D:6            Lair (6/6) D:10
  Swamp (0/4) Lair:3        Snake (0/4) Lair:2        Slime (0/5) Lair:5
    Orc (0/2) D:10          Sewer (visited)

Altars:
Ashenzari
Cheibriados
Dithmenos
Elyvilon
Fedhas
Gozag
Hepliaklqana
Kikubaaqudgha
Makhleb
Nemelex Xobeh
Okawaru
Qazlal
Ru
Sif Muna
Trog
Uskayaw
Vehumet
Wu Jian
Xom
Yredelemnul
Zin
The Shining One

Shops:
D:6 *   D:7 (   D:10 }

Annotations:
D:7 2 transporters, Grum; popps's ghost, novice DsFi
Lair:3 3 runed translucent doors, exclusion: oklob plant, Esmabebi's ghost, journeyman HaHu; Sijoc's ghost, journeyman DrCj; Tudghun's ghost, journeyman MfSk


Message History

* * * LOW HITPOINT WARNING * * *
You feel sick.
Your transformation is almost over.
* * * LOW HITPOINT WARNING * * *
You feel sick.
* * * LOW HITPOINT WARNING * * *
You feel sick.
* * * LOW HITPOINT WARNING * * *
You feel sick.
* * * LOW HITPOINT WARNING * * *
You feel sick.
* * * LOW HITPOINT WARNING * * *
You feel sick.
* * * LOW HITPOINT WARNING * * *
You feel sick.
* * * LOW HITPOINT WARNING * * *
You feel sick.
* * * LOW HITPOINT WARNING * * *
You feel sick.
You die...

# #.......#.# ####.....##.#.
###.......# ###......#######
##......####.P....### #
###..............##
#...............##
###............## #
#.............# #
##..........##.# #
#.........♣P#### ###........##
####........# ###
#.P.........##
..####...)......#.#
...........P#.....##
...........##......##
..........####......# ###
..P.........####...P#########.#


There were no monsters in sight!

Vanquished Creatures
  Nessos (Lair:4)
  3 hydras
  3 death yaks
  An ogre mage (D:6)
  A sea snake (Lair:5)
  An unseen horror (D:10)
  A swamp dragon (Lair:3)
  Pikel (D:6)
  5 black mambas
  A torpor snail (Lair:3)
  4 spiny frogs
  3 rime drakes
  8 komodo dragons
  2 trolls
  3 polar bears
  4 blink frogs (Lair:5)
  2 hippogriffs
  A shadow (D:11)
  A spriggan (D:7)
  3 wyverns
  24 yaks
  A basilisk (Lair:3)
  A hungry ghost (D:4)
  10 water moccasins
  9 porcupines
  9 ogres
  10 orc warriors
  2 sky beasts (D:6)
  7 ice beasts
  2 phantoms (D:5)
  2 black bears
  2 necrophages (D:9)
  7 wolves
  4 centaurs
  3 big kobolds
  10 crocodiles
  16 bullfrogs
  An elf zombie (D:6)
  5 gnoll sergeants
  A wyvern skeleton (D:8)
  2 scorpions
  3 wights (D:7)
  13 killer bees
  6 howler monkeys
  6 electric eels
  6 crimson imps
  2 centaur zombies (D:7)
  A human zombie (D:6)
  A quasit (D:9)
  A wyvern simulacrum (D:8)
  4 jellies
  7 hounds
  5 orc wizards
  An orc priest (D:6)
  A centaur skeleton (D:11)
  4 iguanas
  3 human skeletons (D:6)
  4 worker ants
  A killer bee zombie (D:8)
  2 worker ant zombies
  4 gnolls
  2 howler monkey skeletons
  5 adders
  5 shadow imps
  A white imp (D:8)
  5 oozes
  An adder zombie (D:5)
  An adder skeleton (D:6)
  5 worms
  An adder simulacrum (D:8)
  3 dart slugs
  8 leopard geckos
  30 orcs
  3 ball pythons
  15 giant cockroaches
  7 goblins
  9 hobgoblins
  10 jackals
  13 kobolds
  2 quokkas
  5 bats
  8 frilled lizards
  A giant cockroach zombie (D:5)
  A jackal zombie (D:6)
  An orc skeleton (D:6)
  A quokka zombie (D:7)
  5 rats
400 creatures vanquished.

Vanquished Creatures (others)
  A centaur skeleton (D:6)
  3 fungi
  9 plants
  4 withered plants (Lair:3)
17 creatures vanquished.

Grand Total: 417 creatures vanquished

Notes
Turn   | Place    | Note
-------+----------+-------------------------------------------
     0 | D:1      | Faca the Merfolk Gladiator began the quest for the Orb.
     0 | D:1      | Reached XP level 1. HP: 16/16 MP: 1/1
    76 | D:1      | Reached XP level 2. HP: 23/23 MP: 2/2
   147 | D:1      | Reached skill level 5 in Polearms
   477 | D:1      | Reached XP level 3. HP: 24/29 MP: 3/3
   856 | D:2      | Found an opulent altar of Gozag.
  1306 | D:3      | Reached XP level 4. HP: 35/35 MP: 4/4
  1509 | D:3      | Reached skill level 6 in Polearms
  1688 | D:4      | Found a snail-covered altar of Cheibriados.
  1775 | D:4      | Found a shimmering blue altar of Sif Muna.
  1831 | D:4      | Found a glowing drain.
  1844 | Sewer    | Entered a sewer
  1885 | Sewer    | Noticed a bullfrog
  1887 | Sewer    | Noticed a bullfrog
  1895 | Sewer    | Killed a bullfrog
  1895 | Sewer    | Reached XP level 5. HP: 38/43 MP: 5/5
  1905 | Sewer    | Reached skill level 5 in Fighting
  1905 | Sewer    | Reached skill level 7 in Polearms
  1905 | Sewer    | Reached XP level 6. HP: 39/51 MP: 6/6
  2153 | D:4      | Noticed a hungry ghost
  2160 | D:4      | Killed a hungry ghost
  2160 | D:4      | Reached skill level 8 in Polearms
  2361 | D:4      | Found a burning altar of Makhleb.
  2363 | D:4      | Found a white marble altar of Elyvilon.
  2446 | D:5      | Entered Level 5 of the Dungeon
  2460 | D:5      | Reached XP level 7. HP: 57/57 MP: 7/7
  2547 | D:5      | Reached skill level 9 in Polearms
  2988 | D:5      | Reached skill level 10 in Polearms
  2988 | D:5      | Reached XP level 8. HP: 59/67 MP: 8/8
  3214 | D:4      | Found a hazy altar of Hepliaklqana.
  3214 | D:4      | Found a bloodstained altar of Trog.
  3248 | D:5      | Noticed a yak
  3248 | D:5      | Noticed a yak
  3248 | D:5      | Noticed a yak
  3249 | D:5      | Noticed a yak
  3262 | D:5      | Killed a yak
  3266 | D:5      | Killed a yak
  3266 | D:5      | Reached skill level 11 in Polearms
  3304 | D:5      | Killed a yak
  3575 | D:5      | Killed a yak
  4246 | D:5      | Reached XP level 9. HP: 59/76 MP: 9/9
  4309 | D:6      | Reached skill level 12 in Polearms
  4335 | D:6      | Found a staircase to the Ecumenical Temple.
  4345 | Temple   | Entered the Ecumenical Temple
  4481 | Temple   | Became a worshipper of Warmaster Okawaru
  4547 | D:6      | You fall into a shaft and drop 1 floor!
  4791 | D:6      | Found Qyz Udghe's General Store.
  4801 | D:6      | Noticed Pikel
  4878 | D:6      | You fall into a shaft and drop 2 floors!
  4908 | D:8      | Reached skill level 10 in Fighting
  4922 | D:8      | Reached * piety under Okawaru
  4922 | D:8      | Reached skill level 13 in Polearms
  5197 | D:8      | Got a bone trident
  5205 | D:8      | Identified the +3 trident of Roneul {holy, Dex+3} (You
                  | found it on level 8 of the Dungeon)
  5232 | D:8      | Noticed a komodo dragon
  5248 | D:8      | Killed a komodo dragon
  5248 | D:8      | Reached ** piety under Okawaru
  5517 | D:7      | Reached XP level 10. HP: 86/86 MP: 10/10
  5538 | D:7      | Reached skill level 14 in Polearms
  5833 | D:6      | Noticed an ogre mage
  5854 | D:6      | Killed an ogre mage
  6144 | D:6      | Killed Pikel
  6144 | D:6      | Reached *** piety under Okawaru
  6146 | D:6      | Reached skill level 15 in Polearms
  6827 | D:7      | Found Fakhu's Antique Weapon Emporium.
  6840 | D:7      | Found a shadowy altar of Dithmenos.
  6846 | D:7      | Found an ancient bone altar of Kikubaaqudgha.
  6846 | D:7      | Found an opulent altar of Gozag.
  6846 | D:7      | Found a blossoming altar of Fedhas.
  6849 | D:7      | Found a basalt altar of Yredelemnul.
  6889 | D:7      | Identified the ring of Xom's Amusement {rF+ rC+ MR- Int+2}
  6890 | D:7      | Identified the +8 trident of Accidental Termination {elec,
                  | rPois rC++ rN+++ Dex-3}
  6890 | D:7      | Identified the +2 kite shield "Cusammakae" {Int+4}
  6900 | D:7      | Noticed popps's ghost (novice DsFi)
  6918 | D:7      | Noticed Grum
  6922 | D:7      | Found a transporter.
  6923 | D:7      | Found a transporter.
  7010 | D:7      | Found a stormy altar of Qazlal.
  7085 | D:8      | Reached skill level 1 in Shields
  7102 | D:8      | Reached **** piety under Okawaru
  7109 | D:8      | Reached XP level 11. HP: 78/96 MP: 11/11
  7147 | D:8      | Reached skill level 5 in Dodging
  8058 | D:8      | Identified a scroll of acquirement
  8058 | D:8      | Identified the +1 pair of boots of the Wilderness {rF++
                  | Dex+3} (You acquired it on level 8 of the Dungeon)
  8058 | D:8      | Identified the amulet "Ybbyfuonya" {Harm *Drain rPois} (You
                  | acquired it on level 8 of the Dungeon)
  8741 | D:10     | Entered Level 10 of the Dungeon
  8748 | D:10     | Found a staircase to the Orcish Mines.
  8755 | D:10     | Reached skill level 16 in Polearms
  9417 | D:10     | Noticed a death yak
  9441 | D:10     | Killed a death yak
  9769 | D:10     | Noticed a death yak
  9769 | D:10     | Noticed a death yak
  9769 | D:10     | Noticed a death yak
  9770 | D:10     | Noticed a death yak
  9770 | D:10     | Noticed a death yak
  9770 | D:10     | Noticed a death yak
  9810 | D:10     | Killed a death yak
  9810 | D:10     | Reached ***** piety under Okawaru
  9839 | D:9      | Killed a death yak
 10335 | D:10     | Killed an unseen horror
 11202 | D:10     | Found a staircase to the Lair.
 11269 | D:10     | Found Joras's Gadget Emporium.
 11313 | D:10     | Reached skill level 5 in Shields
 11403 | D:11     | Reached XP level 12. HP: 105/105 MP: 12/12
 12325 | Lair:1   | Entered Level 1 of the Lair of Beasts
 12325 | Lair:1   | Found a shattered altar of Ashenzari.
 12392 | Lair:1   | Reached skill level 17 in Polearms
 13433 | Lair:1   | Reached skill level 1 in Invocations
 13893 | Lair:2   | Found a staircase to the Snake Pit.
 14008 | Lair:2   | Noticed a five-headed hydra
 14020 | Lair:2   | Killed a five-headed hydra
 14020 | Lair:2   | Received a gift from Okawaru
 14079 | Lair:2   | Reached ****** piety under Okawaru
 14111 | Lair:2   | Received a gift from Okawaru
 14573 | Lair:2   | Noticed a six-headed hydra
 14591 | Lair:2   | Killed a six-headed hydra
 15450 | Lair:3   | Found a staircase to the Swamp.
 15796 | Lair:3   | Reached skill level 10 in Dodging
 16220 | Lair:3   | Reached XP level 13. HP: 103/113 MP: 14/16
 16431 | Lair:3   | Found a stormy altar of Qazlal.
 16526 | Lair:3   | Found a runed translucent gate.
 16527 | Lair:3   | Found a runed translucent gate.
 16528 | Lair:3   | Found a runed translucent gate.
 16529 | Lair:3   | Noticed Tudghun's ghost (journeyman MfSk)
 16530 | Lair:3   | Noticed Esmabebi's ghost (journeyman HaHu)
 16530 | Lair:3   | Noticed Sijoc's ghost (journeyman DrCj)
 16913 | Lair:4   | Noticed Nessos
 16926 | Lair:4   | HP: 3/113 [Nessos/arrow (14)]
 17283 | Lair:4   | Killed Nessos
 18235 | Lair:4   | Reached skill level 18 in Polearms
 18483 | Lair:5   | Reached skill level 5 in Invocations
 18703 | Lair:5   | Found a staircase to the Slime Pits.
 19262 | Lair:5   | Received a gift from Okawaru
 19790 | Lair:6   | Entered Level 6 of the Lair of Beasts
 20312 | Lair:5   | Paralysed by a hornet for 3 turns
 20351 | Lair:5   | HP: 8/171 [poisoned by a sea snake]
 20356 | Lair:5   | HP: 7/171 [poisoned by a sea snake]
 20362 | Lair:5   | HP: 4/114 [poisoned by a sea snake]
 20370 | Lair:5   | HP: 4/114 [poisoned by a sea snake]
 20378 | Lair:5   | HP: 4/114 [poisoned by a sea snake]
 20808 | Lair:5   | HP: 8/171 [poisoned by a sea snake]
 20812 | Lair:5   | HP: 3/171 [poisoned by a sea snake]
 20814 | Lair:5   | HP: 1/171 [poisoned by a sea snake]
 20816 | Lair:5   | Succumbed to a sea snake's poison

Levels and vault maps discovered:
D:1:      dpeg_arrival_round_b, layout_loops_ring
D:2:      layout_rooms, chequers_serial_rivers_marsh, grunt_gozag_statues
D:3:      layout_basic, first_ration
D:4:      layout_cave_pools, lemuel_doored_altar,
          nicolae_overflow_hidden_temple, gup_sewer_entry_pipe
D:5:      minmay_diamond_boxcup, layout_loops_corners
D:6:      layout_loops_ring, minmay_temple_entry_waves,
          nicolae_ossuary_entry_catacombs, serial_shops, shop,
          minmay_three_doors, uniq_pikel
D:7:      layout_rooms, lemuel_coloured_pillars_altar, minitemple, serial_shops,
          nicolae_shop_crystal, gammafunk_ghost_gnarly_gnolls, the_bakery
D:8:      layout_rooms, serial_ice, serial_ice_h, serial_ice_i, serial_ice_c,
          serial_ice_e, minmay_misc_feat_alley, nrook_uturn
D:9:      layout_rooms, chequers_big_river, hangedman_decor_peaks_small,
          minmay_misc_feat_pillars
D:10:     layout_stronghold, dpeg_lair_monsters,
          kennysheep_orc_monster_closet_entryway, serial_shops,
          nicolae_shop_behind_doors
D:11:     layout_roguey
Temple:   dpeg_chambers_temple
Lair:1:   layout_chaotic_city, basic_altar, chequers_serial_rivers_small_b,
          chequers_serial_rivers_micro_e, serial_bayou_pond_c,
          lemuel_fruit_fields
Lair:2:   layout_regular_city, guppyfry_snake_entry_garden,
          infiniplex_staircase_pool
Lair:3:   layout_gridlike, minmay_swamp_entry_reptiles,
          gammafunk_ghost_cemetery, lemuel_oklob_altar
Lair:4:   layout_hall_layers, lemuel_fruit_fields, uniq_nessos
Lair:5:   layout_layer_cave, nicolae_slime_entry_slimehenge, grunt_megastairs_5
Lair:6:   gammafunk_lair_ancient_temple, layout_regular_city, fungi_pond_lemuel

Skill      XL: |  1  2  3  4  5  6  7  8  9 10 11 12 13 |
---------------+----------------------------------------+-----
Polearms       | 5 6 7 8 10 11 13 15 16 17 18 | 18.2
Fighting       | 3 4 5 7 9 10 12 13 14 | 14.4
Shields        | 1 5 7 |  7.9
Dodging        | 8 10 11 | 11.0
Invocations    | 4 5 |  5.6
Throwing       | |  2.0

Action                   |  1- 3 |  4- 6 |  7- 9 | 10-12 | 13-15 || total
-------------------------+-------+-------+-------+-------+-------++-------
Melee: Trident           |   152 |   114 |   321 |  1115 |   308 ||  2010
       Tailslap          |       |     2 |       |     2 |       ||     4
Throw: Boomerang         |       |       |       |     7 |     9 ||    16
       Dart              |       |       |       |     1 |       ||     1
Invok: Heroism           |       |       |       |     6 |     3 ||     9
Evoke: Wand              |       |       |       |    12 |       ||    12
  Use: Scroll            |     9 |     2 |     6 |    12 |     4 ||    33
       Potion            |       |       |       |     3 |     9 ||    12
 Stab: Sleeping          |     1 |       |       |       |       ||     1
       Distracted        |       |       |       |     1 |       ||     1
  Eat: Chunk             |     1 |     3 |     8 |    28 |     7 ||    47
       Ration            |       |     1 |       |     2 |     2 ||     5
Armor: Leather armour    |    22 |       |       |       |       ||    22
       Ring mail         |       |    24 |    73 |    24 |       ||   121
       Chain mail        |       |       |       |   190 |    66 ||   256
       Skin              |       |       |       |    11 |       ||    11
Dodge: Dodged            |   100 |    45 |   104 |   281 |   102 ||   632
Block: Buckler           |       |    15 |    52 |   230 |    73 ||   370
       Tower shield      |       |       |       |       |    59 ||    59

Table legend:
 A = Non-vault XP
 B = Vault XP
 C = Vault XP percentage of total XP
 D = Non-vault monster count
 E = Vault monster count
 F = Vault count percentage of total count
                 A         B        C        D         E       F
            +---------+---------+-------+---------+---------+-------
      Total |   31155 |   13467 |  30.2 |     310 |      90 |  22.5
            +---------+---------+-------+---------+---------+-------
        D:1 |      34 |       0 |   0.0 |      18 |       0 |   0.0
        D:2 |      39 |       0 |   0.0 |      20 |       0 |   0.0
        D:3 |      36 |       0 |   0.0 |      12 |       0 |   0.0
        D:4 |     243 |      11 |   4.3 |       7 |       4 |  36.4
        D:5 |    1723 |     158 |   8.4 |      23 |       5 |  17.9
        D:6 |     877 |    1925 |  68.7 |      21 |      10 |  32.3
        D:7 |    1720 |     215 |  11.1 |      27 |       1 |   3.6
        D:8 |    1800 |    1423 |  44.2 |      27 |      12 |  30.8
        D:9 |     895 |    1405 |  61.1 |      17 |       5 |  22.7
       D:10 |    2406 |    3134 |  56.6 |      44 |      18 |  29.0
       D:11 |    2000 |       0 |   0.0 |      15 |       0 |   0.0
     Lair:1 |    3310 |       0 |   0.0 |      16 |       0 |   0.0
     Lair:2 |    5942 |     144 |   2.4 |      23 |       2 |   8.0
     Lair:3 |    2940 |     834 |  22.1 |      14 |       2 |  12.5
     Lair:4 |    3557 |    1297 |  26.7 |      10 |       1 |   9.1
     Lair:5 |    3633 |    2685 |  42.5 |      16 |      12 |  42.9
      Sewer |       0 |     236 | 100.0 |       0 |      18 | 100.0
            +---------+---------+-------+---------+---------+-------
